Map: Acropolis LE

Players

Mez

  • Race: Terran Terran
  • League: Master
  • Spawn Location: 11:00

A.I. 1 (Very Easy) - Winner!

  • Race: Zerg Zerg
  • Spawn Location: 5:00

VOD

Have the link to the VOD?

Description

Time

  • Played on: Aug. 25, 2019, 8:30 a.m.
  • Length: 10:07
Show
View Real Time Build Order
Export as new Build Order

Mez Terran 

Build Orders: Reaper Expand 

Get SALT Encoding   

  12  0:01  SCV  
  13  0:13  SCV  
  14  0:17  Supply Depot  
  14  0:25  SCV  
  15  0:39  SCV  
  15  0:40  Barracks  
  16  0:44  Refinery  
  16  0:51  SCV  
  17  1:03  SCV  
  18  1:15  SCV  
  19  1:28  Orbital Command, Reaper  
  20  1:39  Command Center  
  20  1:50  Barracks  
  20  1:53  SCV  
  21  2:01  Barracks Reactor  
  21  2:07  SCV, Supply Depot  
  22  2:14  Barracks  
  22  2:19  SCV  
  23  2:33  SCV  
  23  2:38  Marine x2, Barracks Tech Lab  
  25  2:46  SCV  
  26  2:51  Orbital Command  
  26  2:56  Marine  
  26  2:57  Marine, Marauder, Concussive Shells  
  30  2:58  SCV  
  30  3:04  Marine  
  32  3:11  SCV  
  33  3:14  Marine  
  33  3:15  Marine  
  33  3:19  Supply Depot, SCV, Marauder  
  38  3:23  Marine, SCV  
  40  3:31  SCV  
  40  3:33  Marine x2  
  43  3:35  SCV  
  43  3:40  Marine  
  45  3:41  Marine  
  45  3:44  SCV  
  45  3:47  SCV  
  48  3:50  Supply Depot  
  48  3:53  Stimpack  
  48  3:55  Marine x2  
  48  3:57  SCV  
  51  4:04  Command Center, SCV  
  51  4:09  SCV  
  53  4:13  Factory  
  53  4:14  Refinery  
  53  4:16  SCV, Refinery  
  54  4:17  Marine  
  54  4:20  Barracks Tech Lab  
  54  4:21  Marine, SCV  
  54  4:22  Marine  
  58  4:31  Supply Depot  
  55  4:33  SCV x2, Engineering Bay  
  57  4:42  Marine x4  
  57  4:45  SCV  
  63  4:52  SCV  
  63  4:54  Supply Depot  
  63  4:58  Supply Depot, Starport, Factory Reactor  
  63  5:03  SCV  
  63  5:05  SCV  
  65  5:09  Combat Shield  
  65  5:15  SCV, Refinery  
  65  5:17  SCV  
  65  5:19  Orbital Command  
  65  5:21  Marine x2, Marauder x2  
  69  5:27  Engineering Bay  
  71  5:30  Supply Depot  
  71  5:31  SCV x2  
  73  5:45  Medivac x2, Factory Reactor  
  73  5:48  Marine x2, Marauder x2  
  73  5:49  Orbital Command  
  83  5:59  Barracks  
  83  6:00  Barracks  
  83  6:01  Terran Infantry Armor Level 1, Terran Infantry Weapons Level 1  
  83  6:03  SCV x2  
  85  6:08  Marine x2  
  87  6:14  SCV  
  87  6:15  SCV x2  
  90  6:22  Medivac x2  
  94  6:26  Marine x2, SCV  
  94  6:27  SCV, Marauder x2  
  94  6:28  SCV  
  94  6:32  Widow Mine x2  
  107  6:37  Refinery  
  107  6:39  SCV x2  
  109  6:42  Supply Depot x2  
  109  6:47  Barracks Reactor  
  109  6:49  Barracks Tech Lab  
  109  6:54  SCV  
  109  6:55  Medivac x2  
  109  6:59  SCV x2  
  109  7:00  Refinery  
  109  7:01  Marine  
  117  7:03  Marine, Marauder x2  
  117  7:05  Supply Depot x2  
  117  7:07  Supply Depot  
  122  7:10  SCV  
  122  7:11  SCV x2, Armory  
  125  7:21  Marine, Marauder  
  125  7:22  Marine  
  129  7:23  SCV x3  
  129  7:27  Marauder, Widow Mine x2  
  129  7:29  Medivac x2  
  142  7:37  SCV x3  
  145  7:48  Marine x3, Marauder  
  145  7:49  Marine, Marauder x2  
  155  7:54  Supply Depot  
  155  7:55  Supply Depot  
  155  8:00  Command Center  
  155  8:01  Ghost Academy  
  155  8:03  Medivac  
  157  8:08  Supply Depot  
  157  8:15  Supply Depot, Medivac  
  157  8:16  Marauder  
  157  8:19  Supply Depot  
  161  8:21  Supply Depot  
  161  8:31  Ghost x2  
  165  8:34  Marine x3  
  165  8:35  Marine  
  165  8:40  Barracks  
  169  8:42  Barracks  
  169  8:44  Barracks  
  169  8:49  Marauder  
  169  8:52  Marine x2  
  173  9:04  Ghost x2, Starport  
  177  9:19  Supply Depot  
  177  9:22  Marine, Bunker  
  177  9:23  Marine x3, Marauder  
  183  9:28  Barracks Tech Lab  
  183  9:29  Barracks Tech Lab  
  183  9:33  Marauder x2  
  183  9:34  Barracks Tech Lab  
  187  9:46  Marine  
  187  9:47  Marine x6  
  200  9:54  Refinery  
  200  9:57  Refinery  
Show
View Real Time Build Order
Export as new Build Order

A.I. 1 (Very Easy) Zerg - Winner!

Build Orders: Pool First 

Get SALT Encoding   

  12  0:00  Drone  
  13  0:12  Overlord  
  13  0:16  Drone  
  14  0:35  Spawning Pool  
  13  0:37  Extractor  
  13  0:39  Drone  
  13  0:46  Drone  
  14  0:51  Overlord  
  14  1:22  Queen  
  14  1:23  Zergling x2  
  17  1:31  Roach Warren  
  16  1:33  Extractor  
  16  1:37  Drone  
  16  1:42  Zergling x2  
  16  1:44  Drone  
  18  1:58  Drone  
  18  2:00  Zergling x2  
  20  2:09  Drone  
  21  2:20  Drone  
  22  2:29  Drone  
  23  2:30  Overlord  
  23  2:36  Drone  
  24  2:44  Drone  
  25  4:02  Zergling x2  
  25  5:51  Lair, Roach, Drone  
  28  5:58  Drone  
  29  6:05  Drone  
  29  6:07  Overlord  
  30  6:12  Drone  
  31  6:19  Drone  
  29  6:32  Ravager, Zergling x2  
  31  6:52  Overseer x2  
  31  7:13  Roach  
  33  7:19  Hatchery  
  32  8:32  Drone  
  33  8:40  Drone  
  34  8:43  Extractor  
  34  8:45  Extractor  
  34  8:47  Drone  
  33  8:53  Overseer  
  33  8:54  Drone  
  34  9:01  Drone  
  35  9:08  Drone  
  36  9:16  Drone  
  37  9:17  Overlord  
  37  9:23  Drone  
  38  9:30  Drone  
  39  9:37  Drone  
  40  9:44  Drone  
  41  9:52  Drone  
Tags
 
Add a new tag
Caveats
  • Supply blocks, unpowered buildings, or Contaminate may cause inaccurate times.
  • Supply counts are checked every 10 seconds.